 Dungeon Crawl Stone Soup version 0.22.0-5-gf09313c (webtiles) character file.

23 Gorglomux the Chopper (level 3, 0/28 HPs)
             Began as a Formicid Gladiator on Aug 13, 2018.
             Hit by a stone thrown by a kobold (2 damage)
             ... on level 2 of the Dungeon.
             The game lasted 00:00:33 (1435 turns).

Gorglomux the Chopper (Formicid Gladiator)          Turns: 1435, Time: 00:00:34

Health: 0/28       AC:  3    Str: 19    XL:     3   Next: 12%
Magic:  3/3        EV: 12    Int:  7    God:
Gold:   7          SH:  0    Dex: 12    Spells: 2/2 levels left

rFire    . . .     SeeInvis +   a - +0 war axe
rCold    . . .     Gourm    .   (no shield)
rNeg     . . .     Faith    .   b - +0 leather armour
rPois    .         Spirit   .   (helmet unavailable)
rElec    .         Reflect  .   (no cloak)
rCorr    .         Harm     .   (no gloves)
MR       .....                  (no boots)
Stlth    +.........             (no amulet)
HPRegen  0.09/turn              (no ring)
MPRegen  0.08/turn              (no ring)

@: no status effects
A: permanent stasis, dig shafts and tunnels, four strong arms, antennae 3
a: Dig, Shaft Self


You were on level 2 of the Dungeon.
You were not hungry.

You visited 1 branch of the dungeon, and saw 2 of its levels.

You collected 7 gold pieces.

Inventory:

Hand Weapons
 a - a +0 war axe (weapon)
Missiles
 Z - 2 throwing nets (quivered)
Armour
 b - a +0 leather armour (worn)
Jewellery
 U - an uncursed amulet of the gourmand {unknown}
Scrolls
 W - a scroll of amnesia {unknown}
 X - a scroll of identify {unknown}
 Y - a scroll of enchant armour {unknown}
Potions
 V - a potion of invisibility {unknown}
Comestibles
 d - 3 rations


   Skills:
 + Level 2.8 Fighting
 + Level 3.3 Axes
 - Level 2.0 Throwing
 + Level 1.2 Armour
 - Level 2.7 Dodging


You had 2 spell levels left.
You didn't know any spells.
Your spell library was empty.

Dungeon Overview and Level Annotations

Branches:
Dungeon (2/15)

Altars:

Annotations:
D:2 Terence


Innate Abilities, Weirdness & Mutations

You cannot be hasted, slowed, berserked, paralysed or teleported.
You can dig through walls and to a lower floor.
Your four strong arms can wield two-handed weapons with a shield.
You have a pair of large antennae on your head. (SInv)


Message History

Throwing (i - inventory)
Z - 3 throwing nets (quivered)
Press: ? - help, Shift-Dir - straight line, f - Terence
Aim: Terence, wielding a falchion of electrocution and wearing a scale mail You throw a throwing butt!
The throwing net closely misses Terence!
You chop Terence into pieces!
Terence is moderately wounded!
Terence butts butt with a falchion of electrocution!
Terence hits you with a falchion of electrocution!
You open Terence like a pillowcase!!!
Terence is severely wounded!
Terence hits you with a falchion of electrocution!!! * * * don't die
* * * A kobold butts into view!
Unknown butt!
The kobold butts a stone!
The butt hits you but does no damage!
There is a stone staircase leading down here!
Butt see butt a stone!
The kobold throws a stone!
The stone hits you! rip

... ..# #.# #.# #.# #.#
#.# #.# ##.. .. #.###.#
#... #.# #.(##.# #...#
#.# ##.##.# #.#.### #.#
#.##.## #.....# ##.#
#.#@..###.....###...
.#.@....##...........
#.................###...
#...#......##.....# ##.#
.....#.#.....K...### #.#
##.#...........### #.#
#.###.######### #.# #{
#.# #.. #. ###


You could see Terence and a kobold.

Vanquished Creatures
  6 bats (D:1)
  3 goblins (D:1)
  4 hobgoblins (D:1)
  4 kobolds
  A ball python (D:1)
  A frilled lizard (D:1)
  3 rats (D:1)
22 creatures vanquished.

Notes
Turn   | Place    | Note
-------+----------+-------------------------------------------
     0 | D:1      | Gorglomux the Formicid Gladiator began the quest for the Orb.
     0 | D:1      | Reached XP level 1. HP: 16/16 MP: 1/1
   270 | D:1      | Reached XP level 2. HP: 22/23 MP: 2/2
   450 | D:1      | Reached skill level 1 in Armour
  1160 | D:1      | Reached XP level 3. HP: 21/28 MP: 3/3
  1420 | D:2      | Noticed Terence
  1435 | D:2      | Hit by a stone thrown by a kobold

Skill      XL: |  1  2 |
---------------+-------+-----
Armour         | 1 |  1.2
Fighting       | |  2.8
Axes           | |  3.3
Throwing       | |  2.0
Dodging        | |  2.7

Action                   || total
-------------------------++-------
Melee: War axe           ||    85
Throw: Throwing net      ||     1
  Eat: Chunk             ||     2
Armor: Leather armour    ||    28
Dodge: Dodged            ||    81
